 Dungeon Crawl Stone Soup version 0.22-a0-247-gbddf880 (webtiles) character file.

23 Gorglomux the Ducker (level 2, 0/23 HPs)
             Began as a Minotaur Earth Elementalist on Feb 25, 2018.
             Slain by an adder (3 damage)
             ... on level 2 of the Dungeon.
             The game lasted 00:00:40 (746 turns).

Gorglomux the Ducker (Minotaur Earth Elementalist)   Turns: 746, Time: 00:00:40

Health: 0/23       AC:  2    Str: 12    XL:     2   Next: 75%
Magic:  3/3        EV: 12    Int: 12    God:
Gold:   42         SH:  0    Dex: 10    Spells: 2/3 levels left

rFire    . . .     SeeInvis .   f - +1 dagger (holy)
rCold    . . .     Gourm    .   (no shield)
rNeg     . . .     Faith    .   c - +0 robe
rPois    .         Spirit   .   (helmet restricted)
rElec    .         Reflect  .   (no cloak)
rCorr    .         Harm     .   (no gloves)
MR       .....                  (no boots)
Stlth    ++........             (no amulet)
HPRegen  0.07/turn              (no ring)
MPRegen  0.08/turn              (no ring)

@: lethally poisoned (0 -> -7)
A: retaliatory headbutt, horns 2
a: no special abilities


You were on level 2 of the Dungeon.
You were not hungry.

You visited 1 branch of the dungeon, and saw 2 of its levels.

You collected 42 gold pieces.

Inventory:

Hand Weapons
 f - a +1 dagger of holy wrath (weapon)
Missiles
 b - 67 stones (quivered)
Armour
 c - a +0 robe (worn)
 e - a +0 chain mail
Scrolls
 h - a scroll of enchant weapon {unknown}
 i - 2 scrolls of identify {unknown}
 j - a scroll of remove curse {unknown}
Potions
 k - a potion of ambrosia {unknown}
Comestibles
 d - 2 rations
 l - 6 chunks of flesh


   Skills:
 + Level 1.5 Fighting
 + Level 1.6 Armour
 + Level 2.7 Dodging
 - Level 1.5 Stealth
 - Level 1.3 Spellcasting
   Level 0.7 Transmutations
 - Level 2.4 Earth Magic


You had 2 spell levels left.
You knew the following spells:

 Your Spells              Type           Power        Failure   Level  Hunger
a - Sandblast             Erth           #.....       11%         1    ##.....


Dungeon Overview and Level Annotations

Branches:
Dungeon (2/15)

Altars:


Innate Abilities, Weirdness & Mutations

You reflexively headbutt those who attack you in melee.
You have a pair of horns on your head.


Message History

The adder is moderately wounded!
Butt feel butt!
The adder closely misses you! The adder bites you but does no damage!
The adder closely misses you! You furiously retaliate!!!
You headbutt the adder! You barely miss the adder!
The adder is moderately wounded!
The adder bites you! x2
You are lethally poisoned!!!
The butt poisons you!!!
Butt are too injured to fight recklessly!!!
Unknown command!
There is a lethal amount of poison in your body!!!
You feel sick! The adder bites you but does no damage!
The adder bites you! * * * don't die
* * * You see here a bat corpse! * * * don't die
* * * You feel sick! * * * don't die
* * * You feel sick!
The butt bites you! rip

.$..........
.........##
#.....!....
#####.[.....##.
...............
#.# #..$......#
#.# #.†.......#
#.#####SS.......#
#.#...@†.......<#
#.#.#######.#.#..
#.#.# .#.# .
#.#.#######.# #
#............
###.#.##### #.#.#
#.#.####
#.#.##.##


You could see 2 adders.

Vanquished Creatures
  An ooze (D:1)
  2 giant cockroaches (D:1)
  2 goblins (D:1)
  3 hobgoblins (D:1)
  A kobold (D:1)
  A ball python (D:1)
  4 bats
  2 frilled lizards
  3 rats (D:1)
19 creatures vanquished.

Notes
Turn   | Place    | Note
-------+----------+-------------------------------------------
     0 | D:1      | Gorglomux the Minotaur Earth Elementalist began the quest for the Orb.
     0 | D:1      | Reached XP level 1. HP: 14/14 MP: 1/1
    87 | D:1      | Reached skill level 1 in Fighting
    87 | D:1      | Reached skill level 1 in Armour
    87 | D:1      | Reached XP level 2. HP: 22/23 MP: 3/3
   746 | D:2      | Slain by an adder

Vault maps used:
D:1:      dpeg_arrival_subterranean_lakeside_camping
D:2:      uniq_sigmund

Skill      XL: |  1 |
---------------+----+-----
Fighting       | 1 |  1.5
Armour         | 1 |  1.6
Dodging        | |  2.7
Stealth        | |  1.5
Spellcasting   | |  1.3
Transmutations | |  0.7
Earth Magic    | |  2.4

Action                   || total
-------------------------++-------
Melee: Unarmed           ||     9
       Dagger            ||    50
       Headbutt          ||     8
 Cast: Sandblast         ||     2
Armor: Robe              ||    13
Dodge: Dodged            ||    42

Table legend:
 A = Spawn XP
 B = Non-spawn XP
 C = Spawn XP percentage of total XP
 D = Spawn monster count
 E = Non-spawn monster count
 F = Spawn count percentage of total count
 G = Total turns spent on level
                    A         B        C        D         E        F      G
               +---------+---------+-------+---------+---------+-------+---------
         Total |       0 |      34 |   0.0 |       0 |      19 |   0.0 |   746
               +---------+---------+-------+---------+---------+-------+---------
           D:1 |       0 |      32 |   0.0 |       0 |      17 |   0.0 |   705
           D:2 |       0 |       2 |   0.0 |       0 |       2 |   0.0 |    41
               +---------+---------+-------+---------+---------+-------+---------
